 Dungeon Crawl Stone Soup version 0.31.0-11-ge490571c62 (webtiles) character file.

Game seed: 1245514701357509336

4767 qw the Nimble (level 10, -5/50 HPs)
             Began as a Spriggan Hunter on Feb 4, 2024.
             Was a Believer of Okawaru.
             Slain by a deep troll (18 damage)
             ... on level 8 of the Dungeon.
             The game lasted 00:03:05 (7100 turns).

qw the Nimble (Spriggan Hunter)                     Turns: 7100, Time: 00:03:05

Health: -5/50      AC:  4    Str: 15    XL:     10   Next: 23%
Magic:  12/14      EV: 39    Int:  9    God:    Okawaru [**....]
Gold:   365        SH:  0    Dex: 22    Spells: 9/9 levels left

rFire   + + .        e - +6 arbalest "Meiteits" {elec, rElec Str+8 Int-3 SInv}
rCold   + + +        (shield currently unavailable)
rNeg    . . .        o - +2 robe {rC+ rF+}
rPois   +            (helmet restricted)
rElec   +            h - scarf of Fortification {repulsion, rF+ rC++ Will-}
rCorr   .            (gloves unavailable)
SInv    +            (boots unavailable)
Will    .....        (no amulet)
Stlth   ++++         d - ring of poison resistance
HPRegen 0.28/turn    m - +5 ring of evasion
MPRegen 0.14/turn

%: repel missiles
@: heroic, very quick
A: very small, no large weapons, unfitting armour, see invisible, speed 3
a: Renounce Religion, Heroism


You were on level 8 of the Dungeon.
You worshipped Okawaru.
Okawaru was pleased with you.
You visited 2 branches of the dungeon, and saw 9 of its levels.
You also visited: Ossuary.

You collected 365 gold pieces.


Innate Abilities, Weirdness & Mutations

You are very small and have problems with some larger weapons.
You are too small for most types of armour.
You have supernaturally acute eyesight. (SInv)
You cover ground extremely quickly. (Speed+++)


   Skills:
 - Level 4.2(9.2) Fighting
 + Level 11.0(16.0) Ranged Weapons
 - Level 12.1(17.1) Dodging
 - Level 1.5(6.5) Stealth
 - Level 4.0 Invocations


You had 9 spell levels left.
You didn't know any spells.
Your spell library was empty.

Inventory:

Hand Weapons
 e - the +6 arbalest "Meiteits" (weapon) {elec, rElec Str+8 Int-3 SInv}
   (You acquired it on level 7 of the Dungeon)

   Str+8:     It affects your strength (+8).
   Int-3:     It affects your intelligence (-3).
   rElec:     It insulates you from electricity.
   SInv:      It lets you see invisible.
Armour
 h - the scarf of Fortification (worn) {repulsion, rF+ rC++ Will-}
   (You acquired it on level 4 of the Dungeon)

   rF+:       It protects you from fire.
   rC++:      It greatly protects you from cold.
   Will-:     It decreases your willpower.
 o - a +2 robe of resistance (worn)
Jewellery
 d - a ring of poison resistance (left hand)
 k - a ring of fire
 m - a +5 ring of evasion (right hand)
Wands
 n - a wand of charming (12)
 p - a wand of polymorph (1)
Scrolls
 c - a scroll of identify
 g - a scroll of teleportation
Potions
 a - 2 potions of enlightenment {unknown}
 b - 4 potions of might
 f - 3 potions of mutation
 i - 2 potions of curing
 j - 5 potions of heal wounds
 l - a potion of resistance {unknown}

Dungeon Overview and Level Annotations

Branches:
Dungeon (8/15)             Temple (1/1) D:6            Lair (0/5) D:8
Ossuary (visited)

Altars:
Ashenzari
Cheibriados
Dithmenos
Elyvilon
Fedhas
Gozag
Hepliaklqana
Kikubaaqudgha
Makhleb
Nemelex Xobeh
Okawaru
Qazlal
Ru
Sif Muna
Trog
Uskayaw
Vehumet
Wu Jian
Xom
Yredelemnul
The Shining One

Shops:
D:3 [   D:7 (

Annotations:
D:6 2 transporters, qw's ghost, novice SpHu


Message History

You shoot a bolt. The bolt hits the deep troll!!
The deep troll is almost dead.
Your surroundings suddenly seem different.
You start resting.
You feel like a meek peon again.
HP restored.
Things that are here:
a +0 long sword; a +0 robe
Items here: )) [[.
There is a stone staircase leading down here.
Things that are here:
a +0 dagger; a +0 robe
Items here: )) [[.
Found a stone staircase leading up.
Enter note:
Enter note:
There is a stone staircase leading up here.
The deep troll shouts!
7095 ||| INVOKING Heroism.
You gain the combat prowess of a mighty hero.
The deep troll completely misses you. The deep troll claws you!
The deep troll misses you.
You shoot a bolt. The bolt closely misses the deep troll.
The deep troll completely misses you. x3
You shoot a bolt. The bolt hits the deep troll!
The deep troll is lightly wounded.
The deep troll completely misses you. The deep troll misses you.
The deep troll completely misses you.
You shoot a bolt. The bolt barely misses the deep troll.
The deep troll completely misses you. The deep troll claws you!
The deep troll completely misses you.
You shoot a bolt. The bolt hits the deep troll.
The deep troll is lightly wounded.
The deep troll closely misses you. The deep troll misses you.
The deep troll completely misses you.
You shoot a bolt. The bolt hits the deep troll!!
The deep troll is severely wounded.
The deep troll bites you! The deep troll completely misses you.
The deep troll claws you!!
You die...

#.......###
######..# #.......#
##.. #.......# ####
##. ......^ ###..##
## ....? ###.....# #
.T. ##.......#####
#T#####.........##..
#.#.....###....#...#
#.T@##### ##.###..##
##### #<# #..# #.#
#..# #.# #..# #.#
#..# #.# #..## #.#
##..# .## ##.. ###


You could see a deep troll.

Vanquished Creatures
  A deep troll (D:8)
  Pikel (D:6)
  3 komodo dragons (D:8)
  An ice beast (D:7)
  A sky beast (D:7)
  A black bear (D:8)
  2 centaurs
  5 phantoms
  A lemure (D:6)
  An ogre (D:7)
  An elf zombie (Ossuary)
  2 kobold brigands
  A bullfrog (D:8)
  A gnoll sergeant (D:7)
  2 scorpions
  9 wights (D:8)
  3 killer bees (D:7)
  2 vampire bats (D:8)
  A bombardier beetle (D:5)
  A centaur zombie (Ossuary)
  2 human zombies (Ossuary)
  A jelly (D:5)
  2 hounds (D:5)
  2 orc priests
  3 sleepcaps
  2 scorpion zombies (D:4)
  An iguana (D:5)
  4 orc wizards
  6 hound zombies
  A hound skeleton (D:4)
  2 mummies (Ossuary)
  2 howler monkey zombies (D:4)
  10 gnolls
  7 adders
  2 shadow imps
  2 white imps
  An adder skeleton (D:4)
  6 adder zombies
  2 ribbon worms
  A dart slug (D:4)
  22 orcs
  9 ball pythons
  7 bats
  2 bat skeletons (D:8)
  3 bat zombies (D:8)
  5 endoplasms
  5 giant cockroaches
  5 goblins
  4 hobgoblins
  3 jackals (D:3)
  9 kobolds
  8 quokkas
  6 frilled lizards
  7 gnoll zombies (Ossuary)
  7 jackal zombies (Ossuary)
  2 kobold zombies (Ossuary)
  7 orc zombies (Ossuary)
  7 rats
217 creatures vanquished.

Notes
Turn   | Place    | Note
-------+----------+-------------------------------------------
     0 | D:1      | qw the Spriggan Hunter began the quest for the Orb.
     0 | D:1      | Reached XP level 1. HP: 10/10 MP: 2/2
     0 | D:1      | 0 ||| qw: Version: 0.3-a-160-g6735b56
     0 | D:1      | 0 ||| qw: Game counter: 5960
     0 | D:1      | 0 ||| qw: Melee chars always use a shield: true
     0 | D:1      | 0 ||| qw: God list: Okawaru
     0 | D:1      | 0 ||| qw: Allow faded altars: false
     0 | D:1      | 0 ||| qw: Do Orc after clearing Dungeon:15 true
     0 | D:1      | 0 ||| qw: Do second Lair branch before Depths: true
     0 | D:1      | 0 ||| qw: Lair rune preference: random
     0 | D:1      | 0 ||| qw: Goals: Normal
     0 | D:1      | 0 ||| PLANNING D:1-11
    51 | D:1      | Reached skill level 3 in Dodging
   119 | D:1      | Reached XP level 2. HP: 14/14 MP: 3/3
   293 | D:1      | Reached skill level 4 in Dodging
   652 | D:1      | 652 ||| READING 4 scrolls labelled ZUSMAYV GUIF.
   652 | D:1      | 652 ||| IDENTIFYING murky white potion
   653 | D:1      | 653 ||| READING 3 scrolls of identify.
   653 | D:1      | 653 ||| IDENTIFYING metallic puce potion
   654 | D:1      | 654 ||| READING 2 scrolls of identify.
   654 | D:1      | 654 ||| IDENTIFYING clear potion
   655 | D:1      | 655 ||| READING scroll of identify.
   655 | D:1      | 655 ||| IDENTIFYING black potion
   656 | D:1      | 656 ||| DRINKING 2 amethyst potions.
   657 | D:1      | 657 ||| DROPPING scroll of butterflies.
   658 | D:1      | 658 ||| DROPPING potion of magic.
   659 | D:1      | 659 ||| DROPPING potion of lignification.
   660 | D:1      | 660 ||| DROPPING potion of attraction.
   661 | D:1      | 661 ||| DROPPING potion of ambrosia.
  1110 | D:2      | Reached XP level 3. HP: 18/18 MP: 4/4
  1561 | D:2      | 1561 ||| READING scroll labelled ORUPOIT NERIGUVVO.
  1562 | D:2      | 1562 ||| READING scroll labelled DAUTSE COBLEAC.
  1562 | D:2      | 1562 ||| ENCHANTING +0 shortbow.
  1563 | D:2      | 1563 ||| READING scroll labelled QIASMU NIUHOEWK.
  1664 | D:2      | 1664 ||| READING scroll labelled TUTIOD PAKKOEK.
  1665 | D:2      | 1665 ||| DRINKING 2 bubbling red potions.
  1771 | D:3      | 1771 ||| RETREEEEATING.
  1775 | D:3      | HP: 1/18 [gnoll/+0 halberd (10)]
  1776 | D:3      | 1776 ||| DRINKING potion of heal wounds.
  1786 | D:3      | Reached XP level 4. HP: 4/22 MP: 5/5
  1825 | D:3      | 1825 ||| FLEEEEING.
  1851 | D:3      | 1851 ||| FLEEEEING.
  1898 | D:3      | Found Qediats's Armour Boutique.
  1904 | D:3      | 1904 ||| SHOPLISTING +6 steam dragon scales "Vairchyn"
                  | {-Cast +Blink rC++ MP-9} (982 gold, have 88).
  1904 | D:3      | 1904 ||| SHOPLISTING scarf of repulsion (156 gold, have
                  | 88).
  2278 | D:3      | Reached skill level 5 in Dodging
  2292 | D:3      | 2292 ||| UPGRADING to ring of poison resistance.
  2293 | D:3      | 2293 ||| DROPPING +6 ring of intelligence.
  2294 | D:3      | 2294 ||| READING scroll labelled UDAWAU DYONK.
  2294 | D:3      | 2294 ||| ENCHANTING +0 shortbow.
  2323 | D:4      | 2323 ||| STAIRDANCE
  2328 | D:3      | Reached XP level 5. HP: 27/27 MP: 6/6
  2369 | D:4      | 2369 ||| STAIRDANCE
  2606 | D:4      | Reached skill level 6 in Ranged Weapons
  2646 | D:4      | Reached XP level 6. HP: 28/31 MP: 7/7
  2708 | D:4      | Reached skill level 6 in Dodging
  2709 | D:4      | 2709 ||| FLEEEEING.
  2711 | D:4      | 2711 ||| FLEEEEING.
  2712 | D:4      | 2712 ||| FLEEEEING.
  2714 | D:4      | 2714 ||| FLEEEEING.
  2715 | D:4      | 2715 ||| FLEEEEING.
  2716 | D:4      | 2716 ||| FLEEEEING.
  2717 | D:4      | 2717 ||| FLEEEEING.
  2908 | D:4      | Found a radiant altar of Vehumet.
  2909 | D:4      | 2909 ||| DROPPING ring of wizardry.
  2910 | D:4      | 2910 ||| READING scroll of identify.
  2910 | D:4      | 2910 ||| IDENTIFYING emerald potion
  2911 | D:4      | 2911 ||| READING scroll labelled OVASUSMO INKORE.
  2912 | D:4      | 2912 ||| READING scroll labelled TUATYH MA LUOM.
  2912 | D:4      | Identified a scroll of acquirement
  2912 | D:4      | 2912 ||| ACQUIRING scarf of Fortification {repulsion, rF+
                  | rC++ Will-}
  2912 | D:4      | Acquired the scarf of Fortification {repulsion, rF+ rC++
                  | Will-}
  2913 | D:4      | 2913 ||| READING scroll labelled FEHEMEANUO.
  2913 | D:4      | Found a snail-covered altar of Cheibriados.
  2914 | D:4      | 2914 ||| READING scroll labelled XOZYSOBREG.
  2946 | D:5      | Entered Level 5 of the Dungeon
  2947 | D:5      | 2947 ||| PLANNING OSSUARY
  3055 | D:5      | 3055 ||| FLEEEEING.
  3063 | D:5      | HP: 5/31 [centaur/arrow (5)]
  3064 | D:5      | 3064 ||| DRINKING 2 potions of heal wounds.
  3073 | D:5      | Reached XP level 7. HP: 21/35 MP: 8/8
  3175 | D:5      | Found a sand-covered staircase.
  3176 | D:5      | 3176 ||| READING 4 scrolls of identify.
  3176 | D:5      | 3176 ||| IDENTIFYING metallic pink potion
  3177 | D:5      | 3177 ||| READING 3 scrolls of identify.
  3177 | D:5      | 3177 ||| IDENTIFYING glowing sapphire potion
  3178 | D:5      | 3178 ||| READING 2 scrolls of identify.
  3178 | D:5      | 3178 ||| IDENTIFYING glowing grey potion
  3179 | D:5      | 3179 ||| READING scroll of identify.
  3179 | D:5      | 3179 ||| IDENTIFYING green potion
  3180 | D:5      | 3180 ||| DROPPING potion of brilliance.
  3181 | D:5      | 3181 ||| DROPPING potion of invisibility.
  3190 | Ossuary  | Entered an ossuary
  3345 | Ossuary  | Reached skill level 7 in Dodging
  3459 | Ossuary  | HP: 8/35 [jackal zombie (2)]
  3460 | Ossuary  | 3460 ||| READING 2 scrolls of teleportation.
  3461 | Ossuary  | 3461 ||| DRINKING 6 potions of heal wounds.
  3640 | D:5      | 3640 ||| PLANNING D:1-11
  3681 | D:4      | 3681 ||| UPGRADING to scarf of Fortification {repulsion,
                  | rF+ rC++ Will-}.
  3796 | D:4      | Found an opulent altar of Gozag.
  3796 | D:4      | Found a shimmering blue altar of Sif Muna.
  3816 | D:5      | Reached skill level 3 in Fighting
  3957 | D:5      | Reached XP level 8. HP: 38/40 MP: 9/9
  4143 | D:5      | Reached skill level 8 in Dodging
  4152 | D:5      | 4152 ||| UPGRADING to +5 ring of evasion.
  4171 | D:6      | 4171 ||| PLANNING SEWER
  4295 | D:6      | 4295 ||| READING scroll of enchant weapon.
  4295 | D:6      | 4295 ||| ENCHANTING +1 shortbow.
  4307 | D:6      | Found a transporter.
  4307 | D:6      | Noticed qw's ghost (novice SpHu)
  4310 | D:6      | Found a transporter.
  4317 | D:6      | Noticed a kobold demonologist
  4350 | D:6      | Found a staircase to the Ecumenical Temple.
  4378 | D:6      | Noticed Pikel
  4379 | D:6      | 4379 ||| DRINKING potion of haste.
  4402 | D:6      | Killed Pikel
  4403 | D:6      | Reached skill level 9 in Ranged Weapons
  4705 | D:6      | Reached skill level 9 in Dodging
  5010 | D:6      | Reached XP level 9. HP: 44/44 MP: 10/10
  5039 | D:6      | 5039 ||| SWAPPING to +0 orcbow.
  5040 | D:6      | 5040 ||| DROPPING +2 shortbow.
  5091 | D:6      | 5091 ||| RIP SEWER
  5091 | D:6      | 5091 ||| PLANNING TEMPLE
  5091 | D:6      | 5091 ||| UPGRADING to +0 robe of resistance.
  5101 | D:6      | 5101 ||| DROPPING +0 robe.
  5102 | D:6      | 5102 ||| READING 2 scrolls of enchant armour.
  5102 | D:6      | 5102 ||| ENCHANTING +0 robe of resistance.
  5103 | D:6      | 5103 ||| READING scroll of enchant armour.
  5103 | D:6      | 5103 ||| ENCHANTING +1 robe of resistance.
  5104 | D:6      | 5104 ||| READING scroll of identify.
  5104 | D:6      | 5104 ||| IDENTIFYING 2 glowing black potions
  5105 | D:6      | 5105 ||| DROPPING wand of flame (7).
  5106 | D:6      | 5106 ||| DROPPING 2 potions of degeneration.
  5213 | Temple   | Entered the Ecumenical Temple
  5214 | Temple   | 5214 ||| PLANNING OKAWARU WORSHIP
  5225 | Temple   | Became a worshipper of Warmaster Okawaru
  5226 | Temple   | 5226 ||| PLANNING D:1-11
  5574 | D:7      | Found Rooph's Weapon Boutique.
  5639 | D:7      | 5639 ||| SHOPLISTING +8 orcbow of Rarev {drain, rF+} (783
                  | gold, have 301).
  5647 | D:7      | 5647 ||| RETREEEEATING.
  5663 | D:7      | 5663 ||| READING 3 scrolls of enchant weapon.
  5663 | D:7      | 5663 ||| ENCHANTING +0 orcbow.
  5664 | D:7      | 5664 ||| READING 2 scrolls of enchant weapon.
  5664 | D:7      | 5664 ||| ENCHANTING +1 orcbow.
  5665 | D:7      | 5665 ||| READING scroll of enchant weapon.
  5665 | D:7      | 5665 ||| ENCHANTING +2 orcbow.
  5687 | D:7      | Reached skill level 10 in Dodging
  5946 | D:7      | 5946 ||| READING scroll of acquirement.
  5946 | D:7      | 5946 ||| ACQUIRING +6 arbalest "Meiteits" {elec, rElec
                  | Str+8 Int-3 SInv}
  5946 | D:7      | Acquired the +6 arbalest "Meiteits" {elec, rElec Str+8
                  | Int-3 SInv}
  5948 | D:7      | 5948 ||| SWAPPING to +6 arbalest "Meiteits" {elec, rElec
                  | Str+8 Int-3 SInv}.
  5949 | D:7      | 5949 ||| DROPPING +3 orcbow.
  6153 | D:7      | Reached * piety under Okawaru
  6289 | D:7      | 6289 ||| READING scroll labelled UNESIO HAAJIEMEY.
  6366 | D:7      | 6366 ||| READING scroll labelled XARPHE XAOPH.
  6387 | D:8      | Reached skill level 1 in Invocations
  6393 | D:8      | Noticed a komodo dragon
  6394 | D:8      | 6394 ||| INVOKING Heroism.
  6397 | D:8      | Reached skill level 11 in Dodging
  6397 | D:8      | Noticed a komodo dragon
  6402 | D:8      | Killed a komodo dragon
  6403 | D:8      | Reached skill level 3 in Invocations
  6406 | D:8      | Killed a komodo dragon
  6480 | D:8      | Noticed a komodo dragon
  6484 | D:8      | 6484 ||| INVOKING Heroism.
  6487 | D:8      | Killed a komodo dragon
  6487 | D:8      | Reached ** piety under Okawaru
  6488 | D:8      | Reached XP level 10. HP: 50/50 MP: 11/14
  6514 | D:8      | Found a staircase to the Lair.
  6589 | D:8      | Identified the +9 dagger of Eternal Vigilance {holy,
                  | *Corrode Will++ Int+3 Dex+2}
  6757 | D:8      | Found an ancient bone altar of Kikubaaqudgha.
  6876 | D:8      | Noticed a deep troll
  6876 | D:8      | Noticed a deep troll
  6877 | D:8      | 6877 ||| INVOKING Heroism.
  6877 | D:8      | Noticed a deep troll
  6883 | D:8      | Killed a deep troll
  6884 | D:8      | Reached skill level 12 in Dodging
  6884 | D:8      | HP: 12/50 [deep troll (7)]
  6885 | D:8      | 6885 ||| READING 2 scrolls of teleportation.
  6886 | D:8      | 6886 ||| DRINKING 6 potions of heal wounds.
  7095 | D:8      | 7095 ||| INVOKING Heroism.
  7100 | D:8      | Slain by a deep troll

Levels and vault maps discovered:
D:1:      kennysheep_arrival_forest, layout_basic
D:2:      layout_basic, minmay_quantized
D:3:      layout_basic, serial_shops, shop, serial_curves, eino_curves_03,
          eino_curves_03
D:4:      layout_rooms, nicolae_overflow_hidden_temple, serial_undead,
          serial_undead_c, serial_undead_d, serial_undead_a, serial_undead_c,
          serial_undead_c
D:5:      layout_basic, nicolae_ossuary_entry_ruins, minmay_misc_feat_alley,
          grunt_decor_cap
D:6:      layout_basic, temple_pool_b, gammafunk_ghost_arena,
          mainiacjoe_sewer_entry_somewhere_in_here_2, uniq_pikel
D:7:      layout_loops_ring, serial_shops, nicolae_shop_bloodbath_and_beyond
D:8:      layout_layer_cave, kennysheep_vampire_church,
          grunt_lair_entry_orc_guard_hut,
          hellmonk_guarded_unrand_vitality_bloodlust
Temple:   nicolae_temple_superstar

Skill      XL: |  1  2  3  4  5  6  7  8  9 10 |
---------------+-------------------------------+-----
Dodging        | 3 4 5 6 7 9 11 12 | 12.1
Ranged Weapons | 5 6 7 8 10 11 | 11.0
Fighting       | 2 3 4 |  4.2
Invocations    | 4 |  4.0
Stealth        | |  1.5

Action                     |  1- 3 |  4- 6 |  7- 9 | 10-12 || total
---------------------------+-------+-------+-------+-------++-------
   Fire: Shortbow          |   104 |   188 |   381 |       ||   673
         Orcbow            |       |       |    82 |       ||    82
         Arbalest          |       |       |    60 |    31 ||    91
 Invoke: Heroism           |       |       |     2 |     2 ||     4
    Use: Scroll            |     8 |     6 |    15 |     1 ||    30
         Potion            |     3 |     1 |     2 |     1 ||     7
 Armour: Robe              |    16 |    23 |    68 |    12 ||   119
  Dodge: Dodged            |    42 |    61 |   279 |    49 ||   431

Table legend:
 A = Non-vault XP
 B = Vault XP
 C = Vault XP percentage of total XP
 D = Non-vault monster count
 E = Vault monster count
 F = Vault count percentage of total count
                 A         B        C        D         E       F
            +---------+---------+-------+---------+---------+-------
      Total |    3275 |    3535 |  51.9 |     142 |      74 |  34.3
            +---------+---------+-------+---------+---------+-------
        D:1 |      21 |       0 |   0.0 |      12 |       0 |   0.0
        D:2 |      25 |      21 |  45.7 |      13 |       6 |  31.6
        D:3 |     118 |       0 |   0.0 |      25 |       0 |   0.0
        D:4 |     110 |     265 |  70.7 |      10 |       9 |  47.4
        D:5 |     628 |       0 |   0.0 |      16 |       0 |   0.0
        D:6 |     529 |     683 |  56.4 |      19 |       7 |  26.9
        D:7 |    1056 |       0 |   0.0 |      27 |       0 |   0.0
        D:8 |     788 |    2130 |  73.0 |      20 |      13 |  39.4
    Ossuary |       0 |     436 | 100.0 |       0 |      39 | 100.0
            +---------+---------+-------+---------+---------+-------
